 Dungeon Crawl Stone Soup version 0.26-a0-504-g0cf647090d (webtiles) character file.

Game seed: 159488077263070693

15 Ge0ff the Ruffian (level 2, -8/23 HPs)
             Began as a Barachi Warper on Aug 8, 2020.
             Splashed by Pikel the acid dragon's acid (11 damage)
             ... on level 4 of the Dungeon.
             The game lasted 00:02:37 (348 turns).

Ge0ff the Ruffian (Barachi Warper)                   Turns: 348, Time: 00:02:38

Health: -8/23      AC:  4    Str: 12    XL:     2   Next: 50%
Magic:  5/5        EV: 11    Int: 13    God:
Gold:   0          SH:  3    Dex: 11    Spells: 5/5 levels left

rFire    . . .     SeeInvis .   P - wand of polymorph (10) {don't use on yourself}
rCold    . . .     Faith    .   D - +0 buckler
rNeg     . . .     Spirit   .   a - +0 leather armour
rPois    .         Reflect  .   (no helmet)
rElec    .         Harm     .   Q - +0 cloak
rCorr    .                      (no gloves)
MR       .....                  (no boots)
Stlth    +.........             (no amulet)
HPRegen  0.07/turn              (no ring)
MPRegen  0.09/turn              (no ring)

@: slow
A: +LOS, swims, slowness 1, strong legs 1
a: Hop


You were on level 4 of the Dungeon.
You visited 1 branch of the dungeon, and saw 4 of its levels.

Inventory:

Missiles
 d - 5 boomerangs of dispersal {don't train}
 C - 60 stones (quivered) {don't train}
Armour
 a - a +0 leather armour (worn)
 D - a +0 buckler (worn)
 Q - a +0 cloak (worn)
Wands
 P - a wand of polymorph (10) (in hand) {don't use on yourself}
Scrolls
 B - 2 scrolls of blinking


   Skills:
 - Level 2.4 Fighting
 - Level 1.0 Throwing
 - Level 1.2 Armour
 - Level 2.1 Dodging
 + Level 3.3 Unarmed Combat
 - Level 2.1 Spellcasting
   Level 3.2 Translocations


You had 5 spell levels left.
You didn't know any spells.
Your spell library contained the following spells:

 Spells                   Type           Power        Failure   Level
 Blink                    Tloc           N/A          21%         2
 Gell's Gravitas          Tloc           #.........   38%         3
 Lesser Beckoning         Tloc           #.........   38%         3
 Teleport Other           Tloc           #.......     38%         3
 Passage of Golubria      Tloc           N/A          80%         4


Dungeon Overview and Level Annotations

Branches:
Dungeon (4/15)
 Temple: D:4-7

Altars:
Cheibriados
Uskayaw

Annotations:
D:4 Pikel


Innate Abilities, Weirdness & Mutations

You can be seen from farther away. (+LOS)
You can swim through water.
You cover ground slowly.
You can hop short distances.


Message History

You swing at nothing.
You swing at nothing.
You swing at nothing.
You swing at nothing.
You swing at nothing.
You swing at nothing.
You swing at nothing.
Evoke which item? (* to show all) (? for menu, Esc to quit)
Aiming: Polymorph
Press: ? - help, Shift-Dir - straight line, f - Pikel
Aim: Pikel, wielding a +1 whip of freezing, wearing a +0 robe and carrying a wand of digging (3) (wandering, hasn't noticed you, chance to defeat MR: 46%) Pikel shouts!
Pikel evaporates and reforms as an acid dragon!
You hear a shout!
A jelly comes into view.
Pikel spits acid at you. The splash of acid hits you!
* * * LOW HITPOINT WARNING * * *
You are splashed with acid!
You die...

.....J# ...... ......
.#.. ..... .... #...###
.... ####..##..## .....
#.....#....# .....
#.....#_.⌠.####.....
#..@..#.....#.......
#)....##...S#.......
#......#8...'.......
#.....##....#.......
######.....#.....#.......
#....D.....#_.⌠.##.5.....
#D##########....#....K...
#.# .##..##.....§.§ #.#
...)####..####§§§


You could see Pikel the acid dragon (catching breath) and a jelly (wandering).

Vanquished Creatures
  A worm (D:3)
  An orc (D:4)
  A bat (D:1)
  A giant cockroach (D:3)
  A goblin (D:1)
  3 hobgoblins (D:1)
  2 frilled lizards
10 creatures vanquished.

Notes
Turn   | Place    | Note
-------+----------+-------------------------------------------
     0 | D:1      | Ge0ff the Barachi Warper began the quest for the Orb.
     0 | D:1      | Reached XP level 1. HP: 17/17 MP: 3/3
    80 | D:1      | Reached XP level 2. HP: 14/23 MP: 5/5
   107 | D:1      | You fall into a shaft and drop 1 floor!
   258 | D:4      | Noticed a lemure
   258 | D:4      | Noticed a lemure
   259 | D:4      | Noticed Pikel
   264 | D:4      | Found a hide-covered altar of Uskayaw.
   264 | D:4      | Found a snail-covered altar of Cheibriados.
   334 | D:4      | Noticed Pikel
   334 | D:4      | Pikel changed into Pikel the acid dragon
   348 | D:4      | Splashed by Pikel the acid dragon's acid

Illustrated notes

Levels and vault maps discovered:
D:1:      roderic_crop_circles_arrival_small, layout_loops_ring, st_stairs_6
D:2:      layout_basic, chequers_serial_rivers_marsh, minmay_puff
D:3:      layout_basic, chequers_ecumenical_altar_simple_redux
D:4:      layout_basic, grunt_temple_overflow_holy_war, marbit_many_paths,
          gammafunk_temple_overflow_pools, nicolae_qazlal_style_of_elements,
          uniq_ijyb, uniq_blork_the_orc, uniq_pikel

Skill      XL: |  1 |
---------------+----+-----
Unarmed Combat | 3 |  3.3
Fighting       | |  2.4
Throwing       | |  1.0
Armour         | |  1.2
Dodging        | |  2.1
Spellcasting   | |  2.1
Translocations | |  3.2

Action                   || total
-------------------------++-------
Melee: Unarmed           ||    48
       Punch             ||     1
Throw: Stone             ||     6
 Abil: Hop               ||     2
Evoke: Wand              ||     1
  Use: Scroll            ||     3
       Potion            ||     1
Armor: Leather armour    ||     4
Dodge: Dodged            ||    29
Block: Buckler           ||     1

Table legend: (Time is in decaauts)
 A = Elapsed time spent in this place.
 B = Non-inter-level travel time spent in this place.
 C = Inter-level travel time spent in this place.
 D = Time resting spent in this place.
 E = Time spent auto-exploring this place.
 F = Levels seen in this place.
 G = Mean time per level.
                   A        B        C        D        E       F      G
               +--------+--------+--------+--------+--------+-----+--------+
         Total |    402 |    402 |      0 |      0 |      0 |   4 |  100.5 |
       Dungeon |    402 |    402 |      0 |      0 |      0 |   4 |  100.5 |
               +--------+--------+--------+--------+--------+-----+--------+

Top non-repeatable levels by time:
     D:3: 134 daAuts
     D:1: 118 daAuts
     D:4: 112 daAuts
     D:2: 36 daAuts
